 Dungeon Crawl Stone Soup version 0.32-a0-913-g739538afd8 (webtiles) character file.

Game seed: 1593838717016848063

15817 zazu2006 the Carver (level 12, -6/94 HPs)
             Began as a Gnoll Wanderer on Apr 9, 2024.
             Was an Elder of Vehumet.
             Shot with an arrow by a centaur warrior (27 damage)
             ... on level 14 of the Dungeon.
             The game lasted 00:37:05 (10406 turns).

zazu2006 the Carver (Gnoll Wanderer)               Turns: 10406, Time: 00:37:06

Health: -6/94      AC:  8    Str: 12    XL:     12   Next: 31%
Magic:  6/25       EV: 17    Int: 14    God:    Vehumet [****..]
Gold:   822        SH:  0    Dex: 24    Spells: 15/29 levels left

rFire   + + .        C - +11 quarterstaff "Kysibiki" {flame, rPois rF+ rC+ Int-2}
rCold   + + .        (shield currently unavailable)
rNeg    . . .        w - +0 steam dragon scales
rPois   +            A - +0 helmet
rElec   .            l - scarf {rC+ rF+}
rCorr   .            (no gloves)
SInv    .            (no boots)
Will    .....        (no amulet)
Stlth   ++++         s - +6 ring of dexterity
HPRegen 0.35/turn    x - +6 ring of intelligence
MPRegen 0.19/turn

%: no passive effects
@: no status effects
A: fangs 1, strong nose, distributed training
a: Renounce Religion


You were on level 14 of the Dungeon.
You worshipped Vehumet.
Vehumet was greatly pleased with you.
You visited 3 branches of the dungeon, and saw 17 of its levels.
You visited the Abyss 1 time.
You also visited: Bailey.

You collected 822 gold pieces.

Inventory:

Hand Weapons
 a - a +3 falchion
 C - the +11 quarterstaff "Kysibiki" (weapon) {flame, rPois rF+ rC+ Int-2}
   (You found it on level 8 of the Dungeon)

   Int-2:     It affects your intelligence (-2).
   rF+:       It protects you from fire.
   rC+:       It protects you from cold.
   rPois:     It protects you from poison.
 F - the +5 bardiche of Kismet {freeze, rElec rC+++ rN+ Dex-2}
   (You found it in a bailey)

   Dex-2:     It affects your dexterity (-2).
   rC+++:     It renders you almost immune to cold.
   rElec:     It insulates you from electricity.
   rN+:       It protects you from negative energy.
Missiles
 e - 29 javelins (quivered)
 p - a throwing net
Armour
 l - a scarf of resistance (worn)
 w - +0 steam dragon scales (worn)
 A - a +0 helmet (worn)
Jewellery
 s - a +6 ring of dexterity (left hand)
 x - a +6 ring of intelligence (right hand)
Wands
 q - a wand of polymorph (3)
 y - a wand of flame (27)
 D - a wand of charming (3)
Scrolls
 c - a scroll of fog {unknown}
 f - 2 scrolls of revelation {unknown}
 g - 2 scrolls of brand weapon {unknown}
 h - 4 scrolls of identify
 i - 4 scrolls of teleportation {unknown}
 n - a scroll of blinking
 o - 2 scrolls of immolation {unknown}
 r - 2 scrolls of vulnerability {unknown}
 t - 2 scrolls of noise {unknown}
 u - 2 scrolls of poison {unknown}
 v - 3 scrolls of fear {unknown}
 z - a scroll of amnesia {unknown}
 E - 4 scrolls of enchant weapon
Potions
 b - a potion of invisibility
 d - a potion of magic
 j - 4 potions of lignification
 k - 4 potions of attraction
 m - 2 potions of mutation {unknown}
 B - 2 potions of resistance
 G - a potion of brilliance {unknown}
 H - a potion of curing
 I - a potion of experience {unknown}


   Skills:
 + Level 8.8 Fighting
 + Level 7.4 Short Blades
 + Level 10.0 Long Blades
 + Level 7.4 Axes
 + Level 7.4 Maces & Flails
 + Level 7.4 Polearms
 + Level 7.4 Staves
 + Level 7.4 Ranged Weapons
 + Level 7.4 Throwing
 + Level 7.4 Armour
 + Level 7.9 Dodging
 + Level 7.4 Stealth
 + Level 7.4 Shields
 + Level 7.4 Unarmed Combat
 + Level 9.0 Spellcasting
 + Level 6.1 Conjurations
 + Level 6.1 Hexes
 + Level 6.1 Summonings
 + Level 6.1 Necromancy
 + Level 6.1 Translocations
 + Level 6.6 Fire Magic
 + Level 6.1 Ice Magic
 + Level 6.1 Air Magic
 + Level 6.1 Earth Magic
 + Level 6.1 Alchemy
 + Level 8.6 Invocations
 + Level 7.4 Evocations
 + Level 6.7 Shapeshifting


You had 15 spell levels left.
You knew the following spells:

 Your Spells              Type           Power      Damage    Failure   Level
a - Foxfire               Conj/Fire      96%        2x1d8     1%          1
b - Mephitic Cloud        Conj/Alch/Air  23%        N/A       1%          3
c - Stone Arrow           Conj/Erth      46%        3d9       1%          3
d - Blink                 Tloc           46%        N/A       1%          2
e - Fireball              Conj/Fire      12%        3d7       6%          5

Your spell library contained the following spells:

 Spells                   Type           Power      Damage    Failure   Level
 Inner Flame              Hex/Fire       24%        N/A       1%          3
 Lesser Beckoning         Tloc           46%        N/A       1%          2
 Mercury Vapours          Alch/Air       46%        N/A       1%          2
 Momentum Strike          Conj/Tloc      46%        3d9       1%          2
 Volatile Blastmotes      Fire/Tloc      48%        2d14      1%          3
 Freezing Cloud           Conj/Ice/Air   11%        6-21      7%          5
 Lee's Rapid Deconstruct  Erth           11%        3d8*      7%          5
 Anguish                  Hex/Necr       11%        N/A       9%          4
 Animate Armour           Summ/Erth      46%        N/A       9%          4
 Cause Fear               Hex            11%        N/A       9%          4
 Summon Lightning Spire   Summ/Air       23%        N/A       9%          4
 Enfeeble                 Hex            11%        N/A       100%        7
 Lehudib's Crystal Spear  Conj/Erth      11%        10d4      100%        8
 Dragon's Call            Summ           11%        N/A       100%        9


Dungeon Overview and Level Annotations

Branches:
Dungeon (14/15)            Temple (1/1) D:5             Orc (2/2) D:10
 Vaults (0/5) D:13         Bailey (visited)
   Lair: D:8-11         Elf: Orc:2

Altars:
Ashenzari
Cheibriados
Dithmenos
Elyvilon
Gozag
Hepliaklqana
Kikubaaqudgha
Makhleb
Nemelex Xobeh
Okawaru
Qazlal
Ru
Sif Muna
Uskayaw
Vehumet
Wu Jian
Xom
Yredelemnul
Zin

Shops:
D:8 =   D:11 *   Orc:1 [

Annotations:
D:6 Pikel
D:10 Lodul, Sonja
D:13 Nessos
Orc:1 3 runed translucent doors, Mummolef's ghost, journeyman TrSh


Innate Abilities, Weirdness & Mutations

You have very sharp teeth.
Your uncanny sense of smell can sniff out nearby items.
Your experience applies equally to all skills.


Message History

Press: ? - help, Dir - move target, f - cyclops, p - gargoyle
Aim: a cyclops, quivering large rocks Attack!
The cyclops throws a large rock.
The large rock hits your gargoyle!!
Your gargoyle hurls a stone arrow at the cyclops.
The stone arrow hits the cyclops!
A meliai comes into view. It is wielding a +0 war axe.
The cyclops throws a large rock.
The large rock hits your gargoyle!
Your gargoyle is destroyed!
Okay, then.
A meliai comes into view. It is wielding a +0 hand axe.
Blink to where?
Press: ? - help, Dir - move target, p - cyclops A centaur warrior comes into view.
As you read the scroll of blinking, it crumbles to dust.
A cyclops comes into view.
The cyclops shouts!
Casting: Stone Arrow (safe; 1% risk of failure)
Confirm with . or Enter, or press ? or * to list all spells.
Aiming: Stone Arrow (safe; 1% risk of failure)
Press: ? - help, Shift-Dir - straight line, f - cyclops
Aim: a cyclops, quivering large rocks (98% to hit)
Okay, then.
Casting: Stone Arrow (safe; 1% risk of failure)
Confirm with . or Enter, or press ? or * to list all spells.
Aiming: Mephitic Cloud (safe; 1% risk of failure)
Press: ? - help, Shift-Dir - straight line, f - cyclops
Aim: a cyclops, quivering large rocks (chance to affect: 58%)
The ball explodes into a vile cloud!
The stinking cloud engulfs the cyclops.
You hear a shout!
The cyclops is engulfed in noxious fumes.
Unknown command.
The cyclops is engulfed in noxious fumes.
The cyclops appears confused.
The cyclops asks, "Where am I?"
The centaur warrior wields a +0 shortbow.
The centaur warrior shoots an arrow.
The arrow hits you!!
The centaur warrior shoots an arrow.
The arrow hits you!
* * * LOW HITPOINT WARNING * * *
The centaur warrior shoots an arrow.
The arrow hits you!!
You die...

....#......##.#
.............#
.............#####
...........c.#.#.##
...............#..##
...........†......<#
......(........☼§###
...............§☼<#
..#.###.###.#..§@C#
..# #.....#.#.....#
..###.#.#.###....#.#
...............#.###
..###.#.#.###.##.#
..#...#.#...#.##.#
..#.###.###.#....#
..............####
....#.#....#.##


You could see a centaur warrior and a cyclops (confused).

Vanquished Creatures
  Harold (Orc:1)
  A boulder beetle (D:11)
  2 orc high priests (Orc:1)
  A two-headed ogre (D:9)
  Nergalle (Orc:1)
  A cyclops (D:14)
  2 ugly things (D:11)
  A gargoyle (D:12)
  A rime drake (D:8)
  A tengu conjurer (D:14)
  2 trolls
  A shadow (D:10)
  Sigmund (D:5)
  4 wyverns (D:9)
  A basilisk (D:11)
  A human (D:14)
  14 yaks
  A wraith (D:12)
  2 vampire mosquitoes (D:10)
  2 steam dragons
  2 water moccasins
  19 orc warriors
  A sky beast (D:6)
  12 ogres
  16 centaurs
  2 lemures
  5 phantoms
  A water moccasin zombie (D:6)
  A wyvern zombie (D:6)
  A wyvern skeleton (D:6)
  4 killer bees (D:8)
  A bullfrog zombie (D:6)
  A bullfrog skeleton (D:6)
  5 orc priests
  A hound (D:4)
  4 sleepcaps
  3 iguanas
  6 orc wizards
  3 gnolls (D:7)
  A howler monkey skeleton (D:6)
  6 adders
  2 white imps
  2 dart slugs
  4 ribbon worms
  69 orcs
  7 bats
  10 endoplasms
  4 giant cockroaches
  7 goblins
  12 hobgoblins
  4 kobolds
  2 quokkas (D:4)
  7 ball pythons
  3 frilled lizards (D:1)
  5 rats
274 creatures vanquished.

Vanquished Creatures (collateral kills)
  2 foxfires (D:6)
2 creatures vanquished.

Vanquished Creatures (others)
  A gargoyle (D:14)
  A kobold demonologist (D:10)
  654 foxfires
656 creatures vanquished.

Grand Total: 932 creatures vanquished

Notes
Turn   | Place    | Note
-------+----------+-------------------------------------------
     0 | D:1      | zazu2006 the Gnoll Wanderer began the quest for the Orb.
     0 | D:1      | zazu2006 set off with the following items: a +3 falchion, a
                  | potion of invisibility, a +0 leather armour; and the
                  | following spell memorised: Foxfire; and the following
                  | spells available to memorise: Volatile Blastmotes.
     0 | D:1      | Reached XP level 1. HP: 20/20 MP: 6/6
   202 | D:1      | Reached XP level 2. HP: 21/26 MP: 7/7
   672 | D:1      | Reached skill level 5 in Spellcasting
   672 | D:1      | Reached XP level 3. HP: 31/31 MP: 6/9
  1291 | D:2      | Reached skill level 1 in Short Blades
  1291 | D:2      | Reached skill level 1 in Axes
  1291 | D:2      | Reached skill level 1 in Maces & Flails
  1291 | D:2      | Reached skill level 1 in Polearms
  1291 | D:2      | Reached skill level 1 in Staves
  1291 | D:2      | Reached skill level 1 in Ranged Weapons
  1291 | D:2      | Reached skill level 1 in Throwing
  1291 | D:2      | Reached skill level 1 in Armour
  1291 | D:2      | Reached skill level 1 in Stealth
  1291 | D:2      | Reached skill level 1 in Shields
  1291 | D:2      | Reached skill level 1 in Unarmed Combat
  1291 | D:2      | Reached skill level 1 in Evocations
  1356 | D:2      | Reached skill level 1 in Shapeshifting
  1356 | D:2      | Reached XP level 4. HP: 38/38 MP: 6/11
  1775 | D:3      | Learned a level 3 spell: Mephitic Cloud
  1794 | D:3      | Reached skill level 1 in Conjurations
  1794 | D:3      | Reached skill level 1 in Hexes
  1794 | D:3      | Reached skill level 1 in Summonings
  1794 | D:3      | Reached skill level 1 in Necromancy
  1794 | D:3      | Reached skill level 1 in Translocations
  1794 | D:3      | Reached skill level 1 in Ice Magic
  1794 | D:3      | Reached skill level 1 in Air Magic
  1794 | D:3      | Reached skill level 1 in Earth Magic
  1794 | D:3      | Reached skill level 1 in Alchemy
  1992 | D:4      | Noticed a phantom
  2082 | D:4      | Killed a phantom
  2083 | D:4      | Reached XP level 5. HP: 21/43 MP: 4/12
  2195 | D:4      | Found a broken altar of Ashenzari.
  2195 | D:4      | Found a stormy altar of Qazlal.
  2218 | D:4      | Noticed a phantom
  2240 | D:4      | Killed a phantom
  2241 | D:4      | Reached skill level 5 in Fighting
  2241 | D:4      | Reached XP level 6. HP: 27/51 MP: 4/14
  2543 | D:4      | Learned a level 3 spell: Stone Arrow
  2716 | D:4      | Found a hide-covered altar of Uskayaw.
  2926 | D:4      | Found an ancient bone altar of Kikubaaqudgha.
  3232 | D:5      | Entered Level 5 of the Dungeon
  3248 | D:5      | Reached skill level 7 in Long Blades
  3248 | D:5      | Reached XP level 7. HP: 56/56 MP: 9/15
  3325 | D:5      | Found a staircase to the Ecumenical Temple.
  3331 | Temple   | Entered the Ecumenical Temple
  3355 | Temple   | Became a worshipper of Vehumet
  3448 | D:5      | Noticed Sigmund
  3458 | D:5      | Killed Sigmund
  3792 | D:6      | Reached XP level 8. HP: 30/63 MP: 14/16
  3967 | D:6      | Noticed Pikel
  4696 | D:7      | Reached * piety under Vehumet
  4696 | D:7      | Offered knowledge of Shock by Vehumet.
  5013 | D:8      | Found Asoosm's Antique Armour Boutique.
  5273 | D:8      | Found Huen's Jewellery Shoppe.
  5301 | D:8      | Reached skill level 5 in Invocations
  5552 | D:8      | Noticed Jeremiah
  5553 | D:8      | Jeremiah changed into Jeremiah the rime drake
  5553 | D:8      | Noticed Jeremiah
  5563 | D:8      | Killed Jeremiah the rime drake
  5564 | D:8      | Reached XP level 9. HP: 57/69 MP: 10/18
  5632 | D:8      | Reached skill level 5 in Dodging
  5936 | D:8      | Reached skill level 8 in Long Blades
  5964 | D:8      | Offered knowledge of Sandblast by Vehumet.
  6145 | D:8      | Identified the +11 quarterstaff "Kysibiki" {flame, rPois
                  | rF+ rC+ Int-2}
  6175 | D:8      | Found a glowing silver altar of Zin.
  6403 | D:9      | Reached skill level 5 in Short Blades
  6403 | D:9      | Reached skill level 5 in Axes
  6403 | D:9      | Reached skill level 5 in Maces & Flails
  6403 | D:9      | Reached skill level 5 in Polearms
  6403 | D:9      | Reached skill level 5 in Staves
  6403 | D:9      | Reached skill level 5 in Ranged Weapons
  6403 | D:9      | Reached skill level 5 in Throwing
  6403 | D:9      | Reached skill level 5 in Armour
  6403 | D:9      | Reached skill level 5 in Stealth
  6403 | D:9      | Reached skill level 5 in Shields
  6403 | D:9      | Reached skill level 5 in Unarmed Combat
  6403 | D:9      | Reached skill level 5 in Evocations
  6403 | D:9      | Reached XP level 10. HP: 77/77 MP: 14/20
  6444 | D:9      | Reached ** piety under Vehumet
  6522 | D:9      | Found a flagged portal.
  6541 | Bailey   | Entered a bailey
  6856 | Bailey   | Offered knowledge of Static Discharge by Vehumet.
  6938 | Bailey   | Reached skill level 5 in Fire Magic
  7071 | Bailey   | Reached *** piety under Vehumet
  7076 | Bailey   | Reached skill level 5 in Shapeshifting
  7519 | Bailey   | Identified the +5 bardiche of Kismet {freeze, rElec rC+++
                  | rN+ Dex-2}
  7785 | D:9      | Noticed a two-headed ogre
  7796 | D:9      | Killed a two-headed ogre
  7797 | D:9      | Reached skill level 9 in Long Blades
  7925 | D:10     | Entered Level 10 of the Dungeon
  7950 | D:10     | Found an opulent altar of Gozag.
  7977 | D:10     | Reached skill level 5 in Conjurations
  7977 | D:10     | Reached skill level 5 in Hexes
  7977 | D:10     | Reached skill level 5 in Summonings
  7977 | D:10     | Reached skill level 5 in Necromancy
  7977 | D:10     | Reached skill level 5 in Translocations
  7977 | D:10     | Reached skill level 5 in Ice Magic
  7977 | D:10     | Reached skill level 5 in Air Magic
  7977 | D:10     | Reached skill level 5 in Earth Magic
  7977 | D:10     | Reached skill level 5 in Alchemy
  7977 | D:10     | Reached XP level 11. HP: 58/85 MP: 22/22
  8039 | D:10     | Noticed Sonja
  8051 | Abyss:2  | Cast into level 2 of the Abyss (Sonja)
  8107 | Abyss:2  | Noticed a large abomination
  8111 | D:10     | Escaped the Abyss
  8237 | D:11     | Noticed a cyan ugly thing
  8241 | D:11     | Noticed a red ugly thing
  8436 | D:10     | Noticed Lodul
  8447 | D:10     | Offered knowledge of Dazzling Flash by Vehumet.
  8723 | D:10     | Found a staircase to the Orcish Mines.
  8777 | Orc:1    | Entered Level 1 of the Orcish Mines
  8887 | Orc:1    | Found a shimmering altar of Xom.
  8909 | Orc:1    | Noticed Nergalle
  8930 | Orc:1    | Killed Nergalle
  8945 | Orc:1    | Noticed Harold
  8957 | Orc:1    | Killed Harold
  9199 | Orc:1    | Found Keclog's Antique Armour Emporium.
  9234 | Orc:1    | Reached **** piety under Vehumet
  9328 | Orc:1    | Noticed an orc high priest
  9354 | Orc:1    | Noticed an orc high priest
  9356 | Orc:1    | Killed an orc high priest
  9363 | Orc:1    | Offered knowledge of Inner Flame by Vehumet.
  9367 | Orc:1    | Killed an orc high priest
  9507 | Orc:1    | Found a runed translucent gate.
  9507 | Orc:1    | Found a runed translucent gate.
  9507 | Orc:1    | Found a runed translucent gate.
  9509 | Orc:1    | Noticed an orc warlord
  9510 | Orc:1    | Noticed a deep elf archer
  9510 | Orc:1    | Noticed a tengu warrior
  9510 | Orc:1    | Noticed an orc knight
  9511 | Orc:1    | Noticed a naga warrior
  9555 | Orc:1    | Found an iron altar of Okawaru.
  9555 | Orc:1    | Noticed Mummolef's ghost (journeyman TrSh)
  9555 | Orc:1    | Noticed a centaur warrior
  9556 | Orc:1    | Noticed a merfolk impaler
  9862 | Orc:2    | Entered Level 2 of the Orcish Mines
  9862 | Orc:2    | Noticed an orc warlord
 10048 | D:11     | Killed a purple ugly thing
 10064 | D:11     | Killed a purple ugly thing
 10075 | D:11     | Found Evamigat's Island Escapes.
 10093 | D:11     | Learned a level 2 spell: Blink
 10136 | D:11     | Noticed a boulder beetle
 10173 | D:11     | Reached XP level 12. HP: 82/94 MP: 20/24
 10177 | D:11     | Killed a boulder beetle
 10287 | D:13     | Noticed a two-headed ogre
 10287 | D:13     | Noticed Nessos
 10287 | D:13     | Found a gate to the Vaults.
 10318 | D:14     | Reached skill level 10 in Long Blades
 10355 | D:14     | Learned a level 5 spell: Fireball
 10373 | D:14     | Noticed a centaur warrior
 10406 | D:14     | Shot with an arrow by a centaur warrior

Illustrated notes

Levels and vault maps discovered:
D:1:      kennysheep_arrival_seaside, layout_loops_corners,
          minmay_misc_feat_encased, minmay_indecisive_spiral
D:2:      layout_basic
D:3:      layout_loops_cross, serial_shops, nicolae_shop_statue_plus,
          ebering_ecumenical_altar_abandoned, uniq_robin
D:4:      layout_basic, marbit_many_paths, grunt_temple_overflow_open,
          eat_drink_and_be_merry_uskayaw, st_stairs_4, kennysheep_nondescript
D:5:      layout_basic, nicolae_tso_swordbearing_angel, temple_green,
          uniq_sigmund
D:6:      layout_loops_corners, serial_undead, serial_undead_a, serial_undead_a,
          serial_undead_d, serial_undead_f, minmay_misc_feat_hallway, uniq_pikel
D:7:      layout_gridville, fedhas_altar_2, serial_shops, shop,
          grunt_decor_mini_mirrors
D:8:      layout_loops_ring, zin_scriptorium, serial_shops, shop, shop,
          uniq_jeremiah
D:9:      layout_basic, trog_three_pillars_becter, minmay_lair_entry_lava,
          enter_bailey_3, hangedman_ranch
D:10:     layout_stronghold, grunt_gozag_statues, okawaru_altar_gauntlet_db,
          david_orc_1_choice, serial_shops, nicolae_shop_waterfront,
          uniq_maggie, uniq_sonja, uniq_lodul
D:11:     layout_cave_pools, amcnicky_mini_pool_small, nicolae_island_escapes
D:12:     layout_rooms, serial_library,
          serial_library_regret_index_branch_corner,
          serial_library_hellmonk_h_bend, serial_library_hellmonk_open_cross,
          serial_library_hellmonk_junction, serial_library_hellmonk_octagon,
          serial_library_hellmonk_recessed_alcove, minmay_misc_feat_room,
          nicolae_transporter_intersection, uniq_josephine, uniq_snorg,
          uniq_rupert
D:13:     layout_roguey, david_vaults_3, drop_trap, minmay_fire_ice_demons
D:14:     layout_big_octagon, minmay_misc_feat_roman
Temple:   minmay_temple_bridge_abc
Orc:1:    layout_caves, gammafunk_ghost_fury_of_okawaru, basic_altar,
          serial_shops, nicolae_shop_gibbet_a_chance, uniq_nergalle, uniq_harold
Orc:2:    grunt_orc_tribal_feast, layout_caves, basic_altar,
          small_statue_alley_c, roderic_batcave

Skill      XL: |  1  2  3  4  5  6  7  8  9 10 11 12 |
---------------+-------------------------------------+-----
Fire Magic     | 2 3 4 5 6 |  6.6
Spellcasting   | 5 6 7 8 9 |  9.0
Short Blades   | 1 2 3 4 5 6 7 |  7.4
Axes           | 1 2 3 4 5 6 7 |  7.4
Maces & Flails | 1 2 3 4 5 6 7 |  7.4
Polearms       | 1 2 3 4 5 6 7 |  7.4
Staves         | 1 2 3 4 5 6 7 |  7.4
Ranged Weapons | 1 2 3 4 5 6 7 |  7.4
Throwing       | 1 2 3 4 5 6 7 |  7.4
Armour         | 1 2 3 4 5 6 7 |  7.4
Stealth        | 1 2 3 4 5 6 7 |  7.4
Shields        | 1 2 3 4 5 6 7 |  7.4
Unarmed Combat | 1 2 3 4 5 6 7 |  7.4
Evocations     | 1 2 3 4 5 6 7 |  7.4
Shapeshifting  | 1 2 3 4 5 6 |  6.7
Conjurations   | 1 2 3 4 5 6 |  6.1
Hexes          | 1 2 3 4 5 6 |  6.1
Summonings     | 1 2 3 4 5 6 |  6.1
Necromancy     | 1 2 3 4 5 6 |  6.1
Translocations | 1 2 3 4 5 6 |  6.1
Ice Magic      | 1 2 3 4 5 6 |  6.1
Air Magic      | 1 2 3 4 5 6 |  6.1
Earth Magic    | 1 2 3 4 5 6 |  6.1
Alchemy        | 1 2 3 4 5 6 |  6.1
Dodging        | 3 4 5 6 7 |  7.9
Invocations    | 3 4 5 6 7 8 |  8.6
Fighting       | 5 6 7 8 |  8.8
Long Blades    | 7 8 9 10 | 10.0

Action                     |  1- 3 |  4- 6 |  7- 9 | 10-12 || total
---------------------------+-------+-------+-------+-------++-------
  Melee: Falchion          |    42 |    97 |   180 |       ||   319
         Bite              |     8 |     8 |    14 |    32 ||    62
         Unarmed           |       |       |    15 |       ||    15
         Quarterstaff      |       |       |     4 |   204 ||   208
  Throw: Javelin           |       |       |     3 |       ||     3
   Cast: Foxfire           |    25 |    58 |   124 |   171 ||   378
         Mephitic Cloud    |       |       |     1 |    51 ||    52
         Stone Arrow       |       |       |     8 |    25 ||    33
  Evoke: Wand              |       |       |    11 |    16 ||    27
    Use: Potion            |       |     3 |     1 |     1 ||     5
         Scroll            |       |       |       |     6 ||     6
   Stab: Sleeping          |       |     1 |       |     4 ||     5
         Confused          |       |       |     3 |    25 ||    28
 Armour: Leather armour    |    21 |    63 |   120 |       ||   204
         Skin              |       |       |     6 |       ||     6
         Steam dragon scal |       |       |    20 |   127 ||   147
  Dodge: Dodged            |    29 |    45 |   129 |   215 ||   418

Table legend: (Time is in decaauts)
 A = Elapsed time spent in this place.
 B = Non-inter-level travel time spent in this place.
 C = Inter-level travel time spent in this place.
 D = Time resting spent in this place.
 E = Time spent auto-exploring this place.
 F = Levels seen in this place.
 G = Mean time per level.
                   A        B        C        D        E       F      G
               +--------+--------+--------+--------+--------+-----+--------+
         Total |  10397 |  10123 |    274 |     69 |   6706 |  19 |  547.2 |
       Dungeon |   7967 |   7748 |    219 |     56 |   5319 |  14 |  569.1 |
        Temple |     44 |     24 |     20 |      0 |      0 |   1 |   44.0 |
  Orcish Mines |   1129 |   1094 |     35 |      0 |    778 |   2 |  564.5 |
         Abyss |     59 |     59 |      0 |      0 |      0 |   1 |   59.0 |
        Bailey |   1196 |   1196 |      0 |     13 |    609 |   1 | 1196.0 |
               +--------+--------+--------+--------+--------+-----+--------+

Top non-repeatable levels by time:
     D:8: 1569 daAuts
  Bailey: 1196 daAuts
     D:4: 1168 daAuts
     D:1: 1155 daAuts
   Orc:1: 1121 daAuts
     D:6: 961 daAuts
    D:10: 722 daAuts
     D:2: 522 daAuts
    D:11: 424 daAuts
     D:3: 383 daAuts
     D:5: 365 daAuts
     D:9: 356 daAuts
     D:7: 194 daAuts
    D:14: 115 daAuts
 Abyss:2: 59 daAuts
